 Dungeon Crawl Stone Soup version 0.14-a0-1378-gf8e6a88 (webtiles) character file.

4723 PolkaDot the Conjurer (level 10, -6/63 HPs)
             Began as a Vampire Conjurer on Dec 8, 2013.
             Was a Believer of Vehumet.
             Killed from afar by an electric eel (15 damage)
             ... with a bolt of electricity
             ... on Level 9 of the Dungeon on Dec 9, 2013.
             The game lasted 00:50:00 (8692 turns).

PolkaDot the Conjurer (Vampire Conjurer)            Turns: 8692, Time: 00:50:01

HP  -6/63        AC  6     Str  7      XL: 10   Next:  8%
MP   5/31        EV 12     Int 20      God: Vehumet [**....]
Gold 544         SH  0     Dex 14      Spells:  4 memorised, 11 levels left

rFire  + . .     SeeInvis +     k - +2,+6 elf short sword (speed)
rCold  + . .     Clarity  .     j - +2 elf robe {rC+ rF+}
rNeg   . . .     Conserve .     (no shield)
rPois  .         rCorr    .     (no helmet)
rElec  .         rRot     .     a - +0 cloak
SustAb + .       Spirit   .     (no gloves)
rMut   .         Warding  .     y - +0 pair of boots
Saprov . . .     Stasis   .     d - amulet of faith
                                e - ring of magical power
                                g - ring of sustain abilities

@: regenerating very quickly, somewhat resistant to hostile enchantments,
stealthy
A: bottle blood, fangs 3, see invisible, unbreathing
a: Bottle Blood, Renounce Religion


You were on level 9 of the Dungeon.
You worshipped Vehumet.
Vehumet was pleased with you.
You were almost alive.

You visited 2 branches of the dungeon, and saw 10 of its levels.

You collected 544 gold pieces.

Inventory:

Hand weapons
 k - a +2,+6 elven short sword of speed (weapon)
 x - a +2,+1 elven cutlass
Armour
 a - a +0 cloak (worn)
 j - a +2 elven robe of resistance (worn)
 y - a +0 pair of boots (worn)
Magical devices
 t - a wand of disintegration (24)
 u - a wand of paralysis (9)
 v - a wand of polymorph (10)
 z - a wand of frost (9)
 B - a wand of lightning (2)
Scrolls
 f - 2 scrolls of fog
 h - 3 scrolls of fear
 i - 2 scrolls of remove curse {unknown}
 l - a scroll of enchant weapon I {unknown}
 m - 5 scrolls of teleportation
 n - 2 scrolls of blinking
 p - a scroll of enchant weapon II
Jewellery
 b - an uncursed amulet of clarity
 d - an amulet of faith (around neck)
 e - a ring of magical power (right hand)
 g - a ring of sustain abilities (left hand)
Potions
 o - 5 potions of curing
 q - a potion of blood
 r - a potion of restore abilities {unknown}
 s - a potion of berserk rage {unknown}
 w - 2 potions of flight
 A - 2 potions of agility {unknown}
Books
 c - a book of Conjurations

   Spells                             Type                      Level
   *Magic Dart                        Conjuration                  1
   *Searing Ray                       Conjuration                  2
   Dazzling Spray                     Conjuration/Hexes            3
   *Iskenderun's Mystic Blast         Conjuration                  4
   Iskenderun's Battlesphere          Conjuration/Charms           4
   Fulminant Prism                    Conjuration/Hexes            5


   Skills:
 - Level 2.1 Dodging
 - Level 3.0 Stealth
 - Level 5.0 Spellcasting
 + Level 10.8 Conjurations
 * Level 2.1 Air Magic


You had 11 spell levels left.
You knew the following spells:

 Your Spells              Type           Power        Failure   Level  Hunger
a - Magic Dart            Conj           ####         1%          1    None
d - Iskenderun's Mystic   Conj           #####...     1%          4    ####...
s - Searing Ray           Conj           #####.       1%          2    None
A - Shock                 Conj/Air       ####         1%          1    None


Dungeon Overview and Level Annotations

Branches:
Dungeon (9/16)             Temple (1/1) D:7
    Orc: D:9-12        Lair: D:8-11

Altars:
Ashenzari
Cheibriados
Elyvilon
Fedhas
Kikubaaqudgha
Makhleb
Nemelex Xobeh
Okawaru
Sif Muna
Trog
Vehumet
Xom
Yredelemnul
Zin
the Shining One


Innate Abilities, Weirdness & Mutations

Your natural rate of healing is extremely fast.
You can bottle blood from corpses.
You have razor-sharp teeth.*
You have supernaturally acute eyesight.
You can survive without breathing.*


Message History

Casting: Iskenderun's Mystic Blast
Confirm with . or Enter, or press ? or * to list all spells.
Aiming: Iskenderun's Mystic Blast
Press: ? - help, Shift-Dir - straight line, f/p - giant goldfish
Aim: a giant goldfish (heavily wounded)
The orb of energy misses the giant goldfish.
The orb of energy explodes!
* * * LOW MAGIC WARNING * * *
The giant goldfish bites you!
* * * LOW HITPOINT WARNING * * *
A worm comes into view.
Drink which item? (? for menu, Esc to quit)
Yummy - fresh blood!
An electric eel comes into view.
The electric eel shoots out a bolt of electricity!
The bolt of electricity hits you!
* * * LOW HITPOINT WARNING * * *
The electric eel shoots out a bolt of electricity!
The bolt of electricity hits you!
You die...

...... ....≈♣{♣$≈.♣P..
....... ..P♣...♣;....♣...
P..[... .PP.♣..;..♣.♣.♣♣
....... PP.♣♣..♣.♣..P♣.♣
....?. ♣P.♣♣w....♣♣♣♣♣
......♣P .P♣♣♣.♣.....P.♣♣
.....PP..
♣.♣P♣...♣♣♣♣..♣#
.....♣..♣♣♣♣.♣P.....♣♣♣P♣
.......♣♣..♣♣.♣.@♣P♣♣♣♣ ♣
....P.♣♣P.♣♣♣♣P♣..♣♣♣.♣
.P.....P♣♣.♣♣♣P..♣♣♣.♣♣♣
...P...P♣P..♣..(.P♣..♣♣♣
♣.(....♣..♣.♣♣..♣.♣...♣♣
##.♣.)......♣..♣.♣.♣.♣♣#
##♣♣......♣.♣♣♣..P♣♣♣##
#.P♣...)....♣♣.PP♣♣♣#
#P♣.♣♣♣♣♣♣♣♣♣♣♣♣♣♣♣


You could see a worm and an electric eel.

Vanquished Creatures
  Erolcha (D:8)
  Pikel (D:8)
  A giant goldfish (D:9)
  2 sky beasts
  An orc warrior (D:8)
  2 ice beasts
  4 slaves (D:8)
  5 ogres
  2 phantoms
  Duvessa (D:4)
  A centaur (D:6)
  A big kobold (D:7)
  Blork the orc (D:5)
  4 giant frogs
  2 wyvern skeletons (D:8)
  3 killer bees (D:9)
  An electric eel (D:9)
  A goliath beetle (D:6)
  Dowan (D:4)
  3 crimson imps
  A big fish (D:9)
  An orc priest (D:5)
  3 jellies
  Crazy Yiuf (D:5)
  5 hounds
  A giant frog skeleton (D:5)
  2 orc wizards
  3 worker ants
  A water moccasin skeleton (D:5)
  2 iguanas
  Ijyb (D:7)
  A hound zombie (D:9)
  10 gnolls
  A hound skeleton (D:8)
  9 adders
  A giant mite (D:3)
  3 worms
  An iguana zombie (D:6)
  An adder skeleton (D:4)
  An iguana skeleton (D:8)
  A giant eyeball (D:9)
  2 oozes
  25 orcs
  3 ball pythons
  13 bats
  A bat skeleton (D:5)
  A bat zombie (D:6)
  7 giant cockroaches
  13 goblins
  10 hobgoblins
  9 jackals
  19 kobolds
  8 quokkas
  4 giant geckos
  5 giant newts
  A giant newt skeleton (D:4)
  A giant spore (D:6)
  2 goblin skeletons (D:4)
  A kobold skeleton (D:4)
  An orc skeleton (D:8)
  20 rats
  A ballistomycete (D:6)
  A fungus (D:5)
236 creatures vanquished.

Vanquished Creatures (others)
  A giant frog (D:6)
  A giant spore (D:6)
2 creatures vanquished.

Grand Total: 238 creatures vanquished

Notes
Turn   | Place    | Note
--------------------------------------------------------------
     0 | D:1      | PolkaDot, the Vampire Conjurer, began the quest for the Orb.
     0 | D:1      | Reached XP level 1. HP: 13/13 MP: 3/3
   345 | D:1      | Reached XP level 2. HP: 19/19 MP: 1/4
  1224 | D:2      | Reached XP level 3. HP: 24/24 MP: 1/6
  1343 | D:2      | Learned a level 2 spell: Searing Ray
  1446 | D:2      | Reached skill level 4 in Conjurations
  1719 | D:2      | Reached XP level 4. HP: 30/30 MP: 1/7
  2546 | D:3      | Learned a level 4 spell: Iskenderun's Mystic Blast
  2923 | D:3      | Found a burning altar of Makhleb.
  3194 | D:3      | Reached XP level 5. HP: 35/35 MP: 9/9
  3472 | D:4      | Reached skill level 5 in Conjurations
  3576 | D:4      | Noticed Dowan
  3648 | D:4      | Noticed Duvessa
  3648 | D:4      | Killed Dowan
  3687 | D:4      | Killed Duvessa
  3687 | D:4      | Reached XP level 6. HP: 30/41 MP: 4/10
  3974 | D:4      | Noticed an ogre
  4034 | D:4      | Killed an ogre
  4034 | D:4      | Reached skill level 6 in Conjurations
  4153 | D:4      | Reached XP level 7. HP: 33/46 MP: 6/12
  4580 | D:5      | Entered Level 5 of the Dungeon
  4708 | D:5      | Reached skill level 7 in Conjurations
  4880 | D:5      | Noticed Blork the orc
  4887 | D:5      | Killed Blork the orc
  5011 | D:5      | Reached XP level 8. HP: 44/52 MP: 13/13
  5122 | D:5      | Reached skill level 8 in Conjurations
  5417 | D:5      | Noticed Crazy Yiuf
  5425 | D:5      | Killed Crazy Yiuf
  5942 | D:6      | Reached skill level 9 in Conjurations
  6295 | D:7      | Found a staircase to the Ecumenical Temple.
  6432 | Temple   | Entered the Ecumenical Temple
  6683 | Temple   | Became a worshipper of Vehumet
  6925 | D:7      | Found a basalt altar of Yredelemnul.
  7015 | D:7      | Noticed Ijyb
  7022 | D:7      | Killed Ijyb
  7063 | D:7      | Found a blossoming altar of Fedhas.
  7063 | D:7      | Found a glowing silver altar of Zin.
  7314 | D:8      | Reached XP level 9. HP: 57/57 MP: 15/15
  7323 | D:8      | Noticed Erolcha
  7334 | D:8      | Killed Erolcha
  7334 | D:8      | Reached skill level 10 in Conjurations
  7658 | D:8      | Noticed Pikel
  7671 | D:8      | Acquired Vehumet's first power
  7671 | D:8      | Offered knowledge of Sandblast by Vehumet.
  7697 | D:8      | Killed Pikel
  8083 | D:8      | Found an iron altar of Okawaru.
  8324 | D:9      | Offered knowledge of Shock by Vehumet.
  8447 | D:9      | Reached skill level 5 in Spellcasting
  8461 | D:9      | Learned a level 1 spell: Shock
  8507 | D:9      | Reached XP level 10. HP: 63/63 MP: 22/22
  8566 | D:9      | Reached skill level 1 in Air Magic
  8692 | D:9      | Killed from afar by an electric eel

Action                   |  1- 3 |  4- 6 |  7- 9 | 10-12 || total
-------------------------+-------+-------+-------+-------++-------
Melee: Unarmed           |    39 |       |       |       ||    39
       Flail             |    38 |    86 |       |       ||   124
       Short sword       |       |    26 |   259 |     9 ||   294
 Cast: Magic Dart        |    60 |     1 |     6 |     7 ||    74
       Searing Ray       |     4 |    27 |    67 |     1 ||    99
       Iskenderun's Myst |       |     3 |    22 |     8 ||    33
 Abil: Bottle Blood      |       |       |    26 |       ||    26
Evoke: Wand              |       |     2 |     3 |       ||     5
  Use: Scroll            |     3 |     2 |    13 |       ||    18
       Potion            |     1 |     8 |    27 |     2 ||    38
 Stab: Sleeping          |     1 |     5 |     6 |       ||    12
       Distracted        |       |       |     1 |       ||     1
